 Dungeon Crawl Stone Soup version 0.29-a0-275-g389c0b56f3 (webtiles) character file.

Game seed: 1968559140382963549

108 spaghetti the Cudgeller (level 4, -4/46 HPs)
             Began as a Demonspawn Chaos Knight on Mar 12, 2022.
             Was a Plaything of Xom.
             Slain by Menkaure (11 damage)
             ... on level 4 of the Dungeon.
             The game lasted 00:04:10 (2015 turns).

spaghetti the Cudgeller (Demonspawn Chaos Knight)   Turns: 2015, Time: 00:04:10

Health: -4/46      AC: 22    Str: 10 (12) XL:     4   Next: 58%
Magic:  4/4        EV:  2    Int: 12 (15) God:    Xom [.*....]
Gold:   117        SH:  0    Dex: 10 (13) Spells: 3/3 levels left

rFire   + . .      SeeInvis .   a - +0 mace (chaos) {mace}
rCold   . . .      Faith    .   (no shield)
rNeg    . . .      Spirit   .   (body armour currently unavailable)
rPois   +          Reflect  .   (helmet currently unavailable)
rElec   .          Harm     .   (cloak currently unavailable)
rCorr   .          Rampage  .   (gloves currently unavailable)
Will    .....      NoTele   +   (boots currently unavailable)
Stlth   +.........              e - amulet of regeneration {@e2}
HPRegen 0.95/turn               p - ring of protection from fire
MPRegen 0.09/turn               (no ring)

@: tree-form
A: stationary, stasis, torment immunity, boosted hp, powered by death 1, clever
1, (cold resistance 1), (deformed body), frail 1, weak 1
a: Renounce Religion


You were on level 4 of the Dungeon.
You worshipped Xom.
You were a plaything of Xom.
You were a tree.
You visited 1 branch of the dungeon, and saw 4 of its levels.

You collected 117 gold pieces.


Innate Abilities, Weirdness & Mutations

You are a tree.
Your roots penetrate the ground, keeping you stationary.
You cannot be teleported.
You are immune to unholy pain and torment.
Your maximum health is greatly increased.
Your equipment is partially melded.
You regenerate a little health from kills.
Your mind is acute. (Int +2)
((Your flesh is cold resistant. (rC+)))
((Armour fits poorly on your strangely shaped body.))
You are frail. (-10% HP)
You are weak. (Str -2)


   Skills:
 - Level 3.0 Fighting
 + Level 4.9 Maces & Flails
 - Level 1.7 Armour
 - Level 0.8 Dodging


You had 3 spell levels left.
You didn't know any spells.
Your spell library contained the following spells:

 Spells                   Type           Power      Damage    Failure   Level
 Gell's Gravitas          Tloc           0%         N/A       69%         3
 Lesser Beckoning         Tloc           0%         N/A       69%         3
 Teleport Other           Tloc           0%         N/A       69%         3

Inventory:

Hand Weapons
 a - a +0 mace of chaos (weapon) {mace}
 o - a +0 dagger of speed {short}
   (You found it on level 2 of the Dungeon)
Missiles
 f - 28 stones {throwing}
 g - 6 poisoned darts {throwing}
Armour
 b - a +2 leather armour (melded)
 s - a +0 kite shield
   (You took it off an orc on level 3 of the Dungeon)
Magical Staves
 i - a staff of cold {!astaff}
   (You found it on level 1 of the Dungeon)
Jewellery
 e - an amulet of regeneration (around neck) {@e2}
   (You found it on level 1 of the Dungeon)
 p - a ring of protection from fire (left branch)
   (You found it on level 3 of the Dungeon)
Scrolls
 c - a scroll of enchant weapon
 d - a scroll of noise {!r}
 m - 3 scrolls of teleportation {@r4}
 r - a scroll of immolation {!r!r}
 u - 2 scrolls of fear

Dungeon Overview and Level Annotations

Branches:
Dungeon (4/15)
 Temple: D:4-7

Altars:
Hepliaklqana
Zin

Shops:
D:3 :(

Annotations:
D:4 Menkaure

##.......# ........#
########.......#
#....†.........#
#.######.......###
#.# #.......... #
#§#### #<.........
#§#§§§§###..........
#§{♣§.§+.........###
#§#§§§§###.##.####
###.§§.# #.##.#
#§...# #....# #....#
###### #....# #....#
#.....


There were no monsters in sight!


Message History

😕 HP[+2]
You regained 2 hp, and now have 30/31 hp. 😎 HP[+1]
Your hp is fully restored (31).
A hobgoblin comes into view.
A hobgoblin is nearby!
A hobgoblin is nearby!
A hobgoblin is nearby!
Menkaure, Prince of Dust comes into view.
Menkaure shouts!
The hobgoblin hits you but does no damage.
Menkaure casts a spell at you. Pain shoots through your body! 😕 HP[-6]
You take 6 damage, and now have 25/31 hp.
You barely miss the hobgoblin. The hobgoblin hits you. 😮 HP[-2]
You take 2 damage, and now have 23/31 hp.
You hit the hobgoblin but do no damage.
The hobgoblin closely misses you. 😕 HP[+1]
You hit the hobgoblin.
The hobgoblin suddenly seems more agile.
Xom thinks this is hilarious!
Menkaure barely misses you.
The hobgoblin barely misses you. 😕 HP[+1]
You barely miss the hobgoblin. Menkaure barely misses you.
The hobgoblin hits you but does no damage. 😕 HP[+2]
You regained 2 hp, and now have 27/31 hp.
You hit the hobgoblin.
Lightning courses through the hobgoblin!
You kill the hobgoblin!
Menkaure closely misses you.
You hit Menkaure.
Menkaure's magic leaks into the air.
Menkaure closely misses you. 😕 HP[+1]
You hit Menkaure but do no damage.
Menkaure seems to speed up.
Xom thinks this is hilarious!
Menkaure hits you!!
Ouch! That really hurt!
* * * LOW HITPOINT WARNING * * *
Menkaure closely misses you. 😨 HP[-17]
You take 17 damage, and now have 11/31 hp.
MASSIVE DAMAGE!! (PAUSE)
Okay, then.
Okay, then.
Really quaff
j - a potion of lignification {!q}?
Really quaff the potion of lignification?
You turn into a tree.
Your +2 leather armour melds into your body.
Your roots penetrate the ground.
Menkaure's magic is no longer disrupted.
Menkaure hits you but does no damage. 😨 HP[+6]
You now have 46 max hp (+15).
You regained 6 hp, and now have 17/46 hp.
Unknown command.
Unknown command.
You sock Menkaure!
Menkaure flickers and vanishes!
Deactivating autopickup; reactivate with Ctrl-A.
Something hits you but does no damage. 😨 HP[+1]
As you read the scroll labelled QICIKL RURCHAL, it crumbles to dust.
The scroll dissolves into smoke.
It was a scroll of fog.
Something hits you but does no damage. 😨 HP[+1]
You cannot move.
You cannot move.
You miss something.
Something hits you but does no damage. x2 😨 HP[+1]
You hit something but do no damage. Something hits you!
* * * LOW HITPOINT WARNING * * *
😨 HP[-7]
You take 7 damage, and now have 13/46 hp.
You sock something! Something hits you!
* * * LOW HITPOINT WARNING * * *
😱 HP[-12]
You take 12 damage, and now have 1/46 hp.
MASSIVE DAMAGE!! (PAUSE)
You closely miss something. Something hits you but does no damage.
Something hits you.
* * * LOW HITPOINT WARNING * * *
You feel better.
Something hits you but does no damage. 😨 HP[+12]
You regained 12 hp, and now have 13/46 hp.
You feel better.
Something hits you but does no damage. 😨 HP[+6]
You regained 6 hp, and now have 19/46 hp.
You completely miss something. Something hits you!
* * * LOW HITPOINT WARNING * * *
Something hits you but does no damage. 😨 HP[-7]
You take 7 damage, and now have 12/46 hp.
You barely miss something. Something hits you!
* * * LOW HITPOINT WARNING * * *
😱 HP[-6]
You take 6 damage, and now have 6/46 hp.
You hit something but do no damage. Something hits you!
You die...

Skill      XL: |  1  2  3 |
---------------+----------+-----
Maces & Flails | 3 4 |  4.9
Fighting       | |  3.0
Armour         | |  1.7
Dodging        | |  0.8

Action                   |  1- 3 |  4- 6 || total
-------------------------+-------+-------++-------
Melee: Mace              |    92 |    48 ||   140
       Punch             |     1 |     1 ||     2
Evoke: Piece from Xom's  |     2 |       ||     2
  Use: Scroll            |     2 |     4 ||     6
       Potion            |       |     9 ||     9
 Stab: Petrifying        |     1 |       ||     1
       Sleeping          |     1 |       ||     1
Armor: Leather armour    |    54 |    24 ||    78
       Skin              |       |     9 ||     9
Dodge: Dodged            |    79 |    28 ||   107

Levels and vault maps discovered:
D:1:      lemuel_arrival_funnel, layout_basic
D:2:      layout_rooms, dreamdust_ecumenical_altar_grove, hex_tiny, uniq_jessica
D:3:      layout_loops_ring, beargit_hepliaklqana_dungeon_heroes, zin_treasury,
          serial_shops, nicolae_square_shop, shop, minmay_quantized
D:4:      layout_basic, gammafunk_ghost_necromancy, uniq_menkaure

Notes
Turn   | Place    | Note
-------+----------+-------------------------------------------
     0 | D:1      | spaghetti the Demonspawn Chaos Knight began the quest for
                  | the Orb.
     0 | D:1      | Reached XP level 1. HP: 18/18 MP: 1/1
     0 | D:1      | magus.rc [v1.9.6]
   168 | D:1      | Reached skill level 3 in Maces & Flails
   170 | D:1      | XOM: silly message
   294 | D:1      | Gained mutation: You regenerate a little health from kills.
                  | [demonic ancestry]
   294 | D:1      | Reached XP level 2. HP: 24/24 MP: 2/2
   539 | D:1      | XOM: divination: detect items
   691 | D:1      | HP: 6/24 [gnoll/+0 whip (4)]
   693 | D:1      | Reached XP level 3. HP: 9/29 MP: 3/3
   726 | D:2      | Reached skill level 4 in Maces & Flails
   746 | D:2      | Found a faded altar of an unknown god.
   747 | D:2      | You pick up a book of Displacement and begin reading...
   747 | D:2      | You add the spells Lesser Beckoning, Gell's Gravitas and
                  | Teleport Other to your library.
   772 | D:2      | XOM: silly message
  1058 | D:2      | Noticed Jessica
  1061 | D:2      | Killed Jessica
  1062 | D:2      | Reached XP level 4. HP: 35/35 MP: 4/4
  1415 | D:3      | Found a hazy altar of Hepliaklqana.
  1416 | D:3      | Found a faded altar of an unknown god.
  1484 | D:3      | Found Saamoate's Weapon Emporium.
  1585 | D:3      | Found Xopt's Book Shoppe.
  1880 | D:3      | XOM: give mutations
  1880 | D:3      | Gained mutation: You are dopey. (Int -2) [Xom's mischief]
  1880 | D:3      | Gained mutation: You sometimes lose the ability to read
                  | scrolls when taking damage. [Xom's mischief]
  1880 | D:3      | Gained mutation: You are weak. (Str -2) [Xom's mischief]
  1880 | D:3      | Gained mutation: You are very weak. (Str -4) [Xom's
                  | mischief]
  1888 | D:3      | Lost mutation: You sometimes lose the ability to read
                  | scrolls when taking damage. [potion of mutation]
  1888 | D:3      | Lost mutation: You are dopey. (Int -2) [potion of mutation]
  1888 | D:3      | Lost mutation: You are very weak. (Str -4) [potion of
                  | mutation]
  1888 | D:3      | Gained mutation: You are frail. (-10% HP) [potion of
                  | mutation]
  1888 | D:3      | Gained mutation: Armour fits poorly on your strangely
                  | shaped body. [potion of mutation]
  1888 | D:3      | Gained mutation: Your flesh is cold resistant. (rC+)
                  | [potion of mutation]
  1888 | D:3      | Gained mutation: Your mind is acute. (Int +2) [potion of
                  | mutation]
  1996 | D:4      | Noticed Menkaure
  2009 | D:4      | HP: 1/46 [something (13)]
  2014 | D:4      | HP: 6/46 [something (8)]
  2015 | D:4      | Slain by Menkaure

Vanquished Creatures
  3 gnolls
  An adder (D:2)
  A dart slug (D:2)
  2 orcs (D:3)
  2 endoplasms
  3 giant cockroaches
  2 goblins
  4 hobgoblins
  4 jackals
  A quokka (D:2)
  5 ball pythons
  3 bats
  2 frilled lizards (D:1)
  2 kobolds
  4 rats
39 creatures vanquished.

Vanquished Creatures (collateral kills)
  Jessica (D:2)
  A rat (D:2)
2 creatures vanquished.

Grand Total: 41 creatures vanquished

Table legend:
 A = Non-vault XP
 B = Vault XP
 C = Vault XP percentage of total XP
 D = Non-vault monster count
 E = Vault monster count
 F = Vault count percentage of total count
                 A         B        C        D         E       F
            +---------+---------+-------+---------+---------+-------
      Total |     105 |      50 |  32.3 |      34 |       7 |  17.1
            +---------+---------+-------+---------+---------+-------
        D:1 |      45 |       0 |   0.0 |      15 |       0 |   0.0
        D:2 |      46 |      37 |  44.6 |      12 |       1 |   7.7
        D:3 |      10 |      13 |  56.5 |       5 |       6 |  54.5
        D:4 |       4 |       0 |   0.0 |       2 |       0 |   0.0
            +---------+---------+-------+---------+---------+-------

Illustrated notes

Table legend:
 A = Kills in this place as a percentage of kills in entire the game.
 B = Kills by you in this place as a percentage of kills by you in the entire game.
 C = Kills by friends in this place as a percentage of kills by friends in the entire game.
 D = Other kills in this place as a percentage of other kills in the entire game.
 E = Experience gained in this place as a percentage of experience gained in the entire game.
 F = Experience gained in this place divided by the number of levels of this place that you have seen.
                   A       B       C       D       E      F
               +-------+-------+-------+-------+-------+----------------------
         Total | 100.0 | 100.0 | 100.0 |   N/A | 100.0 |  38.8
       Dungeon | 100.0 | 100.0 | 100.0 |   N/A | 100.0 |  38.8
               +-------+-------+-------+-------+-------+----------------------

Table legend: (Time is in decaauts)
 A = Elapsed time spent in this place.
 B = Non-inter-level travel time spent in this place.
 C = Inter-level travel time spent in this place.
 D = Time resting spent in this place.
 E = Time spent auto-exploring this place.
 F = Levels seen in this place.
 G = Mean time per level.
                   A        B        C        D        E       F      G
               +--------+--------+--------+--------+--------+-----+--------+
         Total |   2041 |   1990 |     51 |    146 |   1445 |   4 |  510.2 |
       Dungeon |   2041 |   1990 |     51 |    146 |   1445 |   4 |  510.2 |
               +--------+--------+--------+--------+--------+-----+--------+

Top non-repeatable levels by time:
     D:3: 768 daAuts
     D:1: 714 daAuts
     D:2: 517 daAuts
     D:4: 41 daAuts
